 Dungeon Crawl Stone Soup version 0.19.4-10-g532645f (webtiles) character file.

524 Rrauwl the Cutter (level 7, -21/46 HPs)
             Began as an Octopode Skald on Feb 25, 2017.
             Was an Initiate of Cheibriados.
             Demolished by an ogre
             ... wielding a +0 giant club
              (26 damage)
             ... on level 4 of the Dungeon.
             The game lasted 00:15:41 (3601 turns).

Rrauwl the Cutter (Octopode Skald)                  Turns: 3601, Time: 00:15:41

Health: -21/46     AC:  1    Str: 14    XL:     7   Next: 22%
Magic:  10/10      EV: 15    Int: 15    God:    Cheibriados [......]
Gold:   153        SH:  0    Dex: 13    Spells: 1 memorised, 9 levels left

rFire  . . .     SeeInvis .     a - +1 short sword
rCold  . . .     Gourm    .     (no shield)
rNeg   . . .     Faith    .     (helmet restricted)
rPois  .         Spirit   .     (no amulet)
rElec  .         Reflect  .     n - ring of stealth
rCorr  .         Harm     .     (no ring)
MR     .....                    (no ring)
Stlth  ++++......               (no ring)
                                (no ring)
                                (no ring)
                                (no ring)
                                (no ring)

@: very slow
A: almost no armour, stealthy swim, amphibious, 8 rings, constrict 8, camouflage
1, gelatinous body 1
a: Bend Time, Renounce Religion


You were on level 4 of the Dungeon.
You worshipped Cheibriados.
Cheibriados was noncommittal.
You were not hungry.

You visited 1 branch of the dungeon, and saw 4 of its levels.

You collected 153 gold pieces.

Inventory:

Hand Weapons
 a - a +1 short sword (weapon)
Missiles
 t - 4 tomahawks (quivered)
Jewellery
 n - a ring of stealth (left tentacle)
Wands
 f - a wand of digging (6/24)
 r - a wand of heal wounds (5/9)
Scrolls
 d - 3 scrolls of remove curse
 e - a scroll of identify
 i - a scroll of blinking
Potions
 g - a potion of degeneration {unknown}
 l - a potion of might {unknown}
 m - a potion of haste {unknown}
 o - a potion of cancellation {unknown}
 p - a potion of flight
Books
 b - a book of Battle

   Spells                             Type                      Level
   a - Infusion                       Charms                       1
   b - Shroud of Golubria             Charms/Translocation         2
   c - Song of Slaying                Charms                       2
   d - Spectral Weapon                Hexes/Charms                 3
   e - Regeneration                   Charms/Necromancy            3
Comestibles
 c - 3 bread rations
 j - a slice of pizza
 k - a beef jerky
 s - a meat ration


   Skills:
 + Level 3.1 Fighting
 + Level 5.0 Short Blades
 + Level 0.0 Throwing
 + Level 4.7 Dodging
 + Level 3.1 Stealth
 - Level 2.0 Spellcasting
 - Level 3.0 Charms
 + Level 0.4 Invocations
 + Level 0.0 Evocations


You had 9 spell levels left.
You knew the following spells:

 Your Spells              Type           Power        Failure   Level  Hunger
a - Infusion              Chrm           ##..         8%          1    #......


Dungeon Overview and Level Annotations

Branches:
Dungeon (4/15)
 Temple: D:4-7

Altars:
Cheibriados
Hepliaklqana
Qazlal
Trog


Innate Abilities, Weirdness & Mutations

You cannot wear most types of armour.
You are very stealthy in the water. (Stealth+)
You are amphibious.
You can wear up to eight rings at the same time.
You can use your tentacles to constrict eight enemies at once.
Your skin changes colour to match your surroundings (Stealth+).
Your rubbery body absorbs attacks. (AC +1, EV +1)


Message History

The ogre hits you with a giant club!!
You hit the ogre. You squeeze the ogre.
The ogre is moderately wounded.
You hit the ogre.
The ogre is moderately wounded.
The ogre hits you with a giant club.
You hit the ogre.
The ogre is heavily wounded.
The ogre hits you with a giant club!!
* * * LOW HITPOINT WARNING * * *
You hit the ogre but do no damage. You squeeze the ogre.
The ogre is heavily wounded.
You hit the ogre.
The ogre is severely wounded.
The ogre misses you.
You hit the ogre.
The ogre is severely wounded.
The ogre hits you with a giant club!!
Ouch! That really hurt!
You die...

################
......O@.......#
##############.#####
#....<# #.##### #.#
###


You could see an ogre.

Vanquished Creatures
  Sigmund (D:3)
  3 orc priests (D:3)
  Terence (D:3)
  Natasha (thrice) (D:2)
  3 gnolls (D:3)
  6 adders
  An ooze (D:2)
  4 dart slugs
  3 leopard geckos
  13 orcs (D:3)
  3 giant cockroaches
  9 goblins
  11 hobgoblins
  2 ball pythons
  8 bats
  2 frilled lizards
  6 kobolds
  7 rats
86 creatures vanquished.

Notes
Turn   | Place    | Note
-------+----------+-------------------------------------------
     0 | D:1      | Rrauwl the Octopode Skald began the quest for the Orb.
     0 | D:1      | Reached XP level 1. HP: 14/14 MP: 3/3
   469 | D:1      | Reached XP level 2. HP: 13/19 MP: 5/5
  1174 | D:2      | Found a hazy altar of Hepliaklqana.
  1176 | D:2      | Reached skill level 3 in Short Blades
  1176 | D:2      | Reached XP level 3. HP: 24/24 MP: 6/6
  1545 | D:2      | Found a bloodstained altar of Trog.
  1573 | D:2      | Reached XP level 4. HP: 22/29 MP: 7/7
  1863 | D:2      | Noticed Natasha
  1875 | D:2      | Killed Natasha
  1929 | D:2      | Noticed Natasha
  1933 | D:2      | Killed Natasha
  1933 | D:2      | Reached XP level 5. HP: 26/34 MP: 8/8
  1996 | D:2      | Noticed Natasha
  2003 | D:2      | Killed Natasha
  2003 | D:2      | Reached skill level 4 in Short Blades
  2263 | D:3      | Noticed Terence
  2275 | D:3      | Killed Terence
  2402 | D:3      | Reached skill level 1 in Stealth
  2407 | D:3      | Reached XP level 6. HP: 27/39 MP: 9/9
  2769 | D:3      | Found a stormy altar of Qazlal.
  2775 | D:3      | Noticed Sigmund
  2791 | D:3      | Killed Sigmund
  2915 | D:3      | Reached XP level 7. HP: 33/45 MP: 10/10
  3254 | D:3      | Found a snail-covered altar of Cheibriados.
  3267 | D:3      | Became a worshipper of Cheibriados the Contemplative
  3342 | D:3      | Reached skill level 5 in Short Blades
  3601 | D:4      | Demolished by an ogre

Skill      XL: |  1  2  3  4  5  6  7 |
---------------+----------------------+-----
Dodging        | 2 3 4 |  4.7
Short Blades   | 3 4 5 |  5.0
Stealth        | 1 2 3 |  3.1
Fighting       | 3 |  3.1
Spellcasting   | |  2.0
Charms         | |  3.0
Invocations    | |  0.4

Action                   |  1- 3 |  4- 6 |  7- 9 || total
-------------------------+-------+-------+-------++-------
Melee: Short sword       |    69 |   104 |    46 ||   219
       Constrict         |    20 |    26 |    13 ||    59
       Tentacles         |    13 |    18 |    15 ||    46
 Cast: Infusion          |       |     1 |       ||     1
  Use: Scroll            |       |     7 |     1 ||     8
       Potion            |       |     2 |       ||     2
 Stab: Sleeping          |     3 |     5 |     2 ||    10
       Invisible         |       |     1 |       ||     1
  Eat: Chunk             |     1 |     2 |     2 ||     5
       Beef jerky        |     1 |       |       ||     1
       Royal jelly       |       |     1 |       ||     1
Armor: Skin              |     2 |     4 |     1 ||     7
Dodge: Dodged            |    38 |    46 |    26 ||   110
